 Dungeon Crawl Stone Soup version 0.28.0-43-g3370ac3207 (webtiles) character file.

Game seed: 9081650556369765204

207 vvl the Chiller (level 5, -1/42 HPs)
             Began as a Draconian Ice Elementalist on Mar 17, 2022.
             Killed from afar by a white imp (6 damage)
             ... with a puff of frost
             ... on level 4 of the Dungeon.
             The game lasted 00:05:03 (5131 turns).

vvl the Chiller (Draconian Ice Elementalist)        Turns: 5131, Time: 00:05:03

Health: -1/42      AC:  6    Str: 11    XL:     5   Next: 54%
Magic:  9/9        EV: 12    Int: 17    God:
Gold:   75         SH:  0    Dex: 11    Spells: 5/9 levels left

rFire   . . .      SeeInvis .   b - +0 short sword
rCold   . . .      Faith    .   (no shield)
rNeg    . . .      Spirit   .   (armour unavailable)
rPois   .          Reflect  .   (helmet restricted)
rElec   .          Harm     .   (no cloak)
rCorr   .          Rampage  .   (no gloves)
Will    .....                   c - +0 pair of boots
Stlth   ++........              (no amulet)
HPRegen 0.14/turn               (no ring)
MPRegen 0.11/turn               (no ring)

@: slowed, very slow
A: AC +5, unfitting armour, cold-blooded
a: no special abilities


You were on level 4 of the Dungeon.
You visited 1 branch of the dungeon, and saw 4 of its levels.

You collected 75 gold pieces.

Inventory:

Hand Weapons
 b - a +0 short sword (weapon)
Armour
 c - a +0 pair of boots (worn)
Jewellery
 k - an amulet of magic regeneration
Scrolls
 d - a scroll of holy word {unknown}
 e - 4 scrolls of identify {unknown}
 h - a scroll of immolation {unknown}
 m - a scroll of fear {unknown}
Potions
 a - 2 potions of degeneration {unknown}
 f - 2 potions of haste {unknown}
 g - a potion of brilliance {unknown}
 i - a potion of invisibility {unknown}
 j - a potion of attraction {unknown}
 l - 2 potions of curing {unknown}


   Skills:
 + Level 2.4 Fighting
 + Level 2.8 Dodging
 - Level 2.0 Stealth
 + Level 2.9 Spellcasting
 + Level 2.0 Conjurations
 + Level 4.7 Ice Magic


You had 5 spell levels left.
You knew the following spells:

 Your Spells              Type           Power      Damage    Failure   Level
a - Freeze                Ice            72%        1d9       2%          1
b - Frozen Ramparts       Ice            36%        1d5       8%          3

Your spell library contained the following spells:

 Spells                   Type           Power      Damage    Failure   Level
 Ozocubu's Armour         Ice            18%        N/A       8%          3
 Hailstorm                Conj/Ice       14%        3d5       41%         4


Dungeon Overview and Level Annotations

Branches:
Dungeon (4/15)
 Temple: D:4-7

Altars:
Fedhas
Kikubaaqudgha
Ru
Wu Jian
Xom
The Shining One

Shops:
D:4 (


Innate Abilities, Weirdness & Mutations

Your plain brown scales are hard. (AC +5)
You cannot fit into any form of body armour.
You are cold-blooded and may be slowed by cold attacks.


Message History

You are too injured to fight recklessly!
You are too injured to fight recklessly!
You are too injured to fight recklessly!
You are too injured to fight recklessly!
You are too injured to fight recklessly!
Casting: Freeze (safe; 2% risk of failure)
Confirm with . or Enter, or press ? or * to list all spells.
Aiming: Freeze (safe; 2% risk of failure)
Press: ? - help, Shift-Dir - straight line, f - white imp
Aim: a white imp (lightly wounded)
You freeze the white imp but do no damage.
The white imp completely resists.
The white imp hits you. The white imp freezes you.
You feel yourself slow down.
Unknown command.
You hit the white imp.
The white imp is lightly wounded.
The white imp hits you but does no damage.
You hit the white imp but do no damage.
The white imp is lightly wounded.
You feel yourself speed up. The white imp misses you.
The white imp closely misses you.
You hit the white imp.
The white imp is moderately wounded.
The white imp gestures at you. The puff of frost hits you!
* * * LOW HITPOINT WARNING * * *
You hit the white imp.
The white imp is heavily wounded.
The white imp closely misses you.
You hit the white imp.
The white imp is heavily wounded.
The white imp hits you.
* * * LOW HITPOINT WARNING * * *
The white imp freezes you.
You feel yourself slow down.
* * * LOW HITPOINT WARNING * * *
You hit the white imp.
The white imp is almost dead.
The white imp gestures at you. The puff of frost hits you.
You die...

##....###....##....
##'######...รท###+#####
..............#......#
...)..........#......#
.....................#
<....................#
..........##..####..##
##...##..##...#.#...#
#######..##....5@#..#
............#..#
......+)._......#
......#.......#..# ....
##.....#...# #.##'##
#..# # .. .?# ... #


You could see a white imp.

Vanquished Creatures
  A necrophage (D:4)
  A howler monkey (D:4)
  An adder (D:2)
  An adder skeleton (D:4)
  3 worms
  A dart slug (D:2)
  6 ball pythons
  4 bats
  11 endoplasms
  2 giant cockroaches (D:2)
  5 hobgoblins
  3 quokkas
  A frilled lizard (D:3)
  3 goblins
  2 goblin skeletons (D:4)
  2 goblin zombies (D:4)
  2 hobgoblin zombies (D:4)
  7 kobolds
  A kobold skeleton (D:4)
  A kobold zombie (D:4)
  An orc skeleton (D:4)
  2 rats (D:1)
61 creatures vanquished.

Notes
Turn   | Place    | Note
-------+----------+-------------------------------------------
     0 | D:1      | vvl the Draconian Ice Elementalist began the quest for the
                  | Orb.
     0 | D:1      | Reached XP level 1. HP: 14/14 MP: 3/3
   854 | D:1      | Reached XP level 2. HP: 21/22 MP: 5/5
  1886 | D:2      | Reached XP level 3. HP: 27/27 MP: 2/6
  1891 | D:2      | Reached skill level 1 in Fighting
  1891 | D:2      | Reached skill level 1 in Conjurations
  1987 | D:2      | Found a shimmering altar of Xom.
  2154 | D:2      | Learned a level 3 spell: Frozen Ramparts
  3082 | D:3      | Found a faded altar of an unknown god.
  3340 | D:3      | Reached XP level 4. HP: 35/35 MP: 5/7
  4037 | D:3      | Found a sacrificial altar of Ru.
  4039 | D:3      | Found a sacrificial altar of Ru.
  4039 | D:3      | Found a blossoming altar of Fedhas.
  4041 | D:3      | Found an ornate altar of the Wu Jian Council.
  4041 | D:3      | Found an ancient bone altar of Kikubaaqudgha.
  4041 | D:3      | Found a shimmering altar of Xom.
  4267 | D:4      | Found Ommaxt's Weapon Emporium.
  4387 | D:4      | Noticed a necrophage
  4410 | D:4      | Killed a necrophage
  4411 | D:4      | Reached XP level 5. HP: 13/41 MP: 5/9
  4657 | D:4      | Found a glowing golden altar of the Shining One.
  5131 | D:4      | Killed from afar by a white imp

Illustrated notes

Levels and vault maps discovered:
D:1:      mrwooster_arrival_statue_3, layout_loops_ring, grunt_decor_one_mirror
D:2:      layout_basic, basic_altar
D:3:      layout_basic, doesnt_xom_only_xom, shapermc_ecumenical_altar_ellora,
          amcnicky_mini_rare_corridor_liquid
D:4:      layout_gridville, mainiacjoe_overflow_six_doors_small,
          nicolae_tso_besieged_by_evil, serial_shops, nicolae_shop_behind_doors,
          nicolae_take_the_stairs, uniq_grinder, uniq_duvessa

Skill      XL: |  1  2  3  4 |
---------------+-------------+-----
Dodging        | 2 |  2.8
Stealth        | 2 |  2.0
Fighting       | 1 2 |  2.4
Conjurations   | 1 2 |  2.0
Spellcasting   | |  2.9
Ice Magic      | |  4.7

Action                   |  1- 3 |  4- 6 || total
-------------------------+-------+-------++-------
Melee: Unarmed           |    19 |       ||    19
       Short sword       |    36 |    79 ||   115
       Tailslap          |     6 |    14 ||    20
       Punch             |       |     1 ||     1
 Cast: Freeze            |    72 |    13 ||    85
 Stab: Sleeping          |     2 |     1 ||     3
Armor: Skin              |    26 |    34 ||    60
Dodge: Dodged            |    56 |    52 ||   108
